 Dungeon Crawl Stone Soup version 0.15.0-29-ga8e3430 (webtiles) character file.

339492 MackTheKnife the Thanatomancer (level 21, -1/172 HPs)
             Began as a Vampire Necromancer on Sept 11, 2014.
             Was the Champion of Kikubaaqudgha.
             Slain by a vampire knight
             ... wielding a +0 great mace
              (21 damage)
             ... while paralysed by a vampire knight
             ... on Level 3 of the Crypt on Sept 12, 2014.
             The game lasted 03:44:28 (65907 turns).

MackTheKnife the Thanatomancer (VpNe)              Turns: 65907, Time: 03:44:28

HP  -1/172       AC 19     Str 13      XL: 21   Next:  5%
MP   2/40        EV  2     Int 20 (21) God: Kikubaaqudgha [******]
Gold 564         SH  0     Dex 20 (21) Spells: 11 memorised,  5 levels left

rFire  + . .     SeeInvis +     a - +9 quick blade (pain)
rCold  + . .     Clarity  .     M - +3 leather armour {rC+}
rNeg   + . .     rCorr    +     E - +3 buckler of Wonder {rElec SInv}
rPois  +         rRot     .     d - +2 helmet of Trenas {rF+ Int-1}
rElec  +         Spirit   .     y - +1 cloak "Soogolol" {+Rage Str+4}
SustAb .         Warding  .     s - +2 pair of gloves {Str+3}
rMut   .         Stasis   .     j - +1 pair of boots
Gourm  .                        r - amulet of resist corrosion
MR     ++...                    o - ring of Moodiness {AC+3 Str-2 Int+3}
                                G - +3 ring of dexterity

@: paralysed, repel missiles, very resistant to hostile enchantments, quite
stealthy
A: bottle blood, fangs 3, see invisible, deterioration 1, poison resistance,
unbreathing
a: Bat Form, Bottle Blood, Receive Corpses, Torment, Renounce Religion, Evoke
Berserk Rage
}: 2/15 runes: serpentine, barnacled


You were on level 3 of the Crypt.
You worshipped Kikubaaqudgha.
Kikubaaqudgha was exalted by your worship.
You were not thirsty.

You visited 9 branches of the dungeon, and saw 47 of its levels.
You visited 3 bazaars.

You collected 4698 gold pieces.
You spent 4134 gold pieces at shops.


Innate Abilities, Weirdness & Mutations

You can bottle blood from corpses.
You have razor-sharp teeth.
You have supernaturally acute eyesight.
You can survive without breathing.
Your body is slowly deteriorating.
Your system is resistant to poisons.


   Skills:
 - Level 16.6 Fighting
 - Level 10.4 Short Blades
 + Level 13.5 Dodging
 - Level 9.2 Stealth
 - Level 5.2 Shields
 - Level 14.3 Spellcasting
 - Level 13.9 Charms
 - Level 21.0 Necromancy
 - Level 9.0 Ice Magic


You had 5 spell levels left.
You knew the following spells:

 Your Spells              Type           Power        Failure   Level  Hunger
a - Spectral Weapon       Hex/Chrm       #####...     1%          3    None
c - Agony                 Necr           #######.     1%          5    ###....
d - Animate Dead          Necr           N/A          0%          4    None
f - Regeneration          Chrm/Necr      ######....   0%          3    None
h - Haste                 Chrm           ######..     1%          6    #####..
q - Dispel Undead         Necr           #######.     1%          5    ###....
r - Twisted Resurrection  Necr           #######...   1%          5    ###....
s - Simulacrum            Ice/Necr       ######....   1%          6    #####..
u - Repel Missiles        Chrm/Air       #####.       1%          2    None
x - Vampiric Draining     Necr           #######...   0%          3    None
z - Pain                  Necr           ####         0%          1    None

Inventory:

Hand weapons
 a - a +9 quick blade of pain (weapon)
Missiles
 h - 16 stones (quivered)
Armour
 b - a +1 cloak
 d - the +2 helmet of Trenas (worn) {rF+ Int-1}
   (You found it on level 5 of the Dungeon)

   It affects your intelligence (-1).
   It protects you from fire.
 j - a +1 pair of boots (worn)
 s - a +2 pair of gloves of strength (worn)
 y - the +1 cloak "Soogolol" (worn) {+Rage Str+4}
   (You acquired it on level 2 of the Depths)

   It affects your strength (+4).
   It lets you go berserk.
 E - the +3 buckler of Wonder (worn) {rElec SInv}
   (You bought it in a shop on level 2 of the Vaults)

   It insulates you from electricity.
   It enhances your eyesight.
 I - a +0 fire dragon armour
 M - a +3 leather armour of cold resistance (worn)
Magical devices
 f - a wand of disintegration (8)
 k - a wand of fire (3)
 O - a wand of disintegration (6)
Scrolls
 e - 4 scrolls of teleportation
 i - 3 scrolls of fog
 m - 5 scrolls of amnesia
 n - a scroll of magic mapping
 p - a scroll of blinking
 v - 2 scrolls of summoning
 A - 24 scrolls of remove curse
 B - 7 scrolls of identify
 D - 7 scrolls of enchant armour
 F - 5 scrolls of fear
 J - a scroll of silence
 Q - 3 scrolls of recharging
 S - a scroll of holy word {!r}
Jewellery
 o - the ring of Moodiness (right hand) {AC+3 Str-2 Int+3}
   (You bought it in a shop in a bazaar)

   [ring of protection]

   It affects your AC (+3).
   It affects your strength (-2).
   It affects your intelligence (+3).
 r - an amulet of resist corrosion (around neck)
 w - an uncursed ring of protection from cold
 C - an uncursed ring of protection from magic
 G - a +3 ring of dexterity (left hand)
Potions
 c - a potion of magic
 g - 8 potions of brilliance
 l - 3 potions of restore abilities
 q - 3 potions of agility
 u - 2 potions of haste
 x - a potion of blood {@*1}
 z - a potion of resistance
 H - a potion of heal wounds
 K - 9 potions of curing
 L - 2 potions of invisibility
 P - 2 potions of might
 R - a potion of berserk rage
Miscellaneous
 t - a phial of floods

▒▒▒▒▒▒▒▒▒▒▒▒▒▒▒▒▒▒▒▒▒▒▒▒▒▒▒▒▒▒▒▒▒
·································
·[····Z··························
Z▒·····················[·······^▒
·▒··▒▒▒▒▒▒▒▒▒▒▒▒▒▒▒▒▒···········▒
·▒··▒▒▒▒▒▒▒▒▒▒▒▒▒▒▒▒▒▒··▒▒▒▒····▒
Z▒··▒▒··········VV·▒▒▒▒▒▒◦◦▒▒···▒
·▒··▒▒·⌠············▒▒ ░◦◦◦◦▒▒··▒
·▒··▒▒··············W▒ ░◦◦◦◦░▒··▒
·▒··▒▒▒▒▒▒··)·····ZZz▒ ░░++░░▒▒·▒
·▒··▒▒▒▒▒▒·[▒····ZZVV▒░░◦◦◦◦░░▒·▒
·▒·······▒··▒[···Z▒nZ▒░◦◦◦◦◦◦░▒··
▒▒······◦▒··▒·····▒W·▒░◦◦◦◦◦◦░▒··
······8▒▒▒''▒▒···▒▒zn▒░◦◦◦◦◦◦░▒▒▒
······▒▒·····▒▒▒▒▒····░◦◦◦_◦◦░◦◦▒


You could see a ghoul, a vampire knight, 2 vampire magi, a phantasmal warrior, a
necrophage, a shadow, a flying skull, a wight, a purple draconian zombie, a
friendly alligator zombie, a friendly manticore zombie, 2 friendly shadow dragon
zombies and a friendly snapping turtle zombie.


Message History

Your shadow dragon zombie claws the ghoul.
The ghoul hits your shadow dragon zombie.
The vampire knight drinks a potion.
The vampire knight is healed!
The ghoul hits your shadow dragon zombie.
The vampire knight hits you with a great mace!!!
* * * LOW HITPOINT WARNING * * *
The vampire knight bites you.
* * * LOW HITPOINT WARNING * * *
The ghoul hits your shadow dragon zombie.
Your shadow dragon zombie claws the ghoul!
Your shadow dragon zombie claws the ghoul.
The ghoul hits your shadow dragon zombie!!
The vampire mage gestures wildly while chanting.
The vampire knight hits you with a great mace!!
* * * LOW HITPOINT WARNING * * *
The vampire knight bites you but does no damage.
The ghoul hits your shadow dragon zombie!!
The ghoul claws your shadow dragon zombie!
Your shadow dragon zombie bites the ghoul!
Your shadow dragon zombie claws the ghoul!
Your shadow dragon zombie claws the ghoul.
Your manticore zombie bites the ghoul.
Your manticore zombie claws the ghoul.
Your snapping turtle zombie bites the ghoul!
The ghoul is destroyed!
The ghoul hits your shadow dragon zombie!
The vampire mage hits your manticore zombie!
The vampire mage bites your manticore zombie.
The vampire knight hits you with a great mace!!
You die...
Kikubaaqudgha rasps: "You have failed me!
Welcome... oblivion!"

Action                   |  1- 3 |  4- 6 |  7- 9 | 10-12 | 13-15 | 16-18 | 19-21 || total
-------------------------+-------+-------+-------+-------+-------+-------+-------++-------
Melee: Short sword       |    24 |       |       |       |       |       |       ||    24
       Spear             |    69 |   128 |       |       |       |       |       ||   197
       Dagger            |       |    14 |       |       |       |       |       ||    14
       Flail             |       |       |   355 |   166 |       |       |       ||   521
       Quick blade       |       |       |       |   237 |  2139 |  1605 |  1474 ||  5455
Throw: Stone             |       |       |     2 |       |     3 |     3 |       ||     8
 Cast: Pain              |    34 |    87 |   205 |   135 |     4 |     3 |       ||   468
       Animate Skeleton  |     6 |    11 |     9 |    15 |    12 |       |       ||    53
       Vampiric Draining |     1 |     6 |    64 |    73 |    31 |     6 |       ||   181
       Animate Dead      |       |       |     4 |    10 |    34 |    42 |    29 ||   119
       Control Undead    |       |       |       |     5 |       |       |       ||     5
       Regeneration      |       |       |       |     4 |    30 |    41 |    25 ||   100
       Agony             |       |       |       |    13 |   117 |    95 |    22 ||   247
       Twisted Resurrect |       |       |       |     6 |    24 |    13 |       ||    43
       Dispel Undead     |       |       |       |       |    57 |    20 |   137 ||   214
       Spectral Weapon   |       |       |       |       |     7 |    29 |    19 ||    55
       Repel Missiles    |       |       |       |       |     2 |     6 |     2 ||    10
       Haste             |       |       |       |       |       |     7 |     6 ||    13
       Simulacrum        |       |       |       |       |       |     3 |     6 ||     9
Invok: Receive Corpses   |       |       |       |     3 |    15 |    24 |    19 ||    61
 Abil: Bottle Blood      |       |       |     5 |     4 |    17 |     1 |     7 ||    34
       End Transformatio |       |       |       |       |       |     1 |       ||     1
       Bat Form          |       |       |       |       |       |     1 |       ||     1
Evoke: Wand              |       |     1 |     2 |     8 |     6 |     2 |     3 ||    22
       Rod               |       |       |       |     1 |       |       |       ||     1
       Phial of floods   |       |       |       |       |     1 |     1 |       ||     2
  Use: Scroll            |     4 |    11 |     7 |    12 |    21 |    12 |    10 ||    77
       Potion            |       |     5 |     4 |     7 |    23 |    12 |    23 ||    74
 Stab: Sleeping          |     4 |     3 |     7 |    14 |    44 |    26 |    21 ||   119
       Distracted        |     1 |     2 |     1 |     5 |    15 |    33 |    18 ||    75
       Paralysed         |       |     1 |       |       |       |       |       ||     1
       Fleeing           |       |       |       |       |     1 |       |       ||     1
  Eat: Corpse            |     3 |    11 |    21 |    17 |    81 |    48 |    26 ||   207

Vault maps used:
D:1:      dpeg_arrival_oval, minmay_misc_feat_doors, kennysheep_another_room
D:2:      uniq_jessica
D:3:      old_standard_altar, elyvilon_altar_4, kennysheep_generic_room_16,
          uniq_sigmund
D:4:      nicolae_dithmenos_shadow_blocks, grunt_decor_arrowhead,
          grunt_ministairs_2, kennysheep_flooded_box, uniq_grinder
D:5:      first_bread, minmay_liquid_box
D:6:      minmay_temple_entry_trees
D:7:      tso_metal_star, lemuel_round_altar
D:8:      lemuel_blue_sif_altar, overflow_temple_1_default, grunt_pizzeria
D:9:      yredelemnul_altar_generic, vehumet_crystals, orc_david_3,
          serial_shops, nicolae_shop_statue_plus, kennysheep_small_square
D:10:     statuecave_lemuel, dpeg_lair_monsters, kennysheep_generic_room_14
D:11:     old_forge
D:12:     minmay_weird_star
D:13:     grunt_vaults_entry_tiered, uniq_harold, uniq_gastronok
D:14:     kennysheep_demon_hangout, minmay_splitting_lines,
          nicolae_trove_entry_crystal, spider_trap
D:15:     grunt_enter_depths_magical_seal, grunt_decor_resistance, minivault_10,
          uniq_snorg
Temple:   minmay_temple_bridge_b_8
Orc:1:    uniq_grum
Orc:2:    mines1_david
Orc:3:    nicolae_orc_pool_cavern, trog_book, uniq_psyche, uniq_nessos
Orc:4:    serial_shops, bzr_entry_water, st_orc_mages
Lair:1:   wad_woods_02
Lair:4:   basic_altar, beast_lair_carwin_2, serial_bayou_shore_b
Lair:5:   minmay_shoals_entry_beasts
Lair:6:   dummy_snake_entry, basic_altar
Lair:7:   slime_altar_1
Lair:8:   minmay_lair_end_frog_pond, minmay_lair_oklob_bushes
Shoals:5: serial_shops, shop, shoals_end_hangedman, shoals_ilsuiw_alternative,
          nicolae_shoals_stone_sculpture_thing
Snake:1:  basic_altar
Snake:2:  spider_trap
Snake:3:  serial_shops, bzr_entry_lakeside, uniq_aizul
Snake:5:  snake_pit, serial_bayou_shore_a
Vaults:1: nicolae_vaults_sealed_display, vaults_room_grunt_arrival_ludios,
          ontoclasm_vaults_ring_square, v_misc_16, v_pattern_5,
          nicolae_vaults_ninety_degrees, hangedman_vaults_river_flow, v_rooms_4,
          nicolae_vaults_shelves_hall, nicolae_vaults_display_case,
          vaults_mumra_chevron, v_misc_14, serial_shops, shop, uniq_agnes
Vaults:2: vaults_room_fours, v_misc_12, serial_shops, shop
Vaults:3: nicolae_vaults_little_squares_2, minmay_crypt_entry_necro_gods,
          vaults_room_grunt_arrival_checkpoint, v_misc_19,
          hangedman_vaults_impose, v_misc_15, hangedman_vaults_locks, v_misc_5,
          v_pattern_4, grunt_vaults_funnel, v_alt_pattern_3,
          vaults_room_hangedman_quadrants, nicolae_vaults_little_squares_6,
          vaults_room_grid, uniq_margery, uniq_sojobo
Vaults:4: hangedman_vaults_snaps, v_misc_29, v_misc_22, ontoclasm_vaults_echo,
          v_rooms_4, v_rooms_1, v_misc_12, v_pattern_3,
          ontoclasm_vaults_ring_square, ontoclasm_vaults_loading_screen
Crypt:1:  crypt_curse_skull_rare, basic_altar, crypt_curse_skull
Crypt:2:  crypt_curse_skull, minmay_misc_feat_alley, nicolae_crypt_ancient_font,
          basic_stair_grate_trap, grunt_megastairs_2, uniq_wiglaf
Crypt:3:  lightli_unholy_cathedral, tomb_entry_simple_bobbens,
          crypt_curse_skull_rare
Depths:1: enter_ziggurat_b, serial_shops, freezing_bzr, rand_demon_pan_entry_4,
          special_room, hex_medium, hangedman_geh_valley, serial_bayou_lagoon_a,
          nrook_uturn, st_stairs_6, pandoras_box_mu
Depths:2: kennysheep_funnel, hell_entry, nrook_mini_vaults
Bazaar:   bazaar_minmay_generic_island, bazaar_kb_twisted_cavern,
          bazaar_kb_twisted_cavern

Notes
Turn   | Place    | Note
--------------------------------------------------------------
     0 | D:1      | MackTheKnife, the Vampire Necromancer, began the quest for the Orb.
     0 | D:1      | Reached XP level 1. HP: 13/13 MP: 3/3
   305 | D:1      | Reached XP level 2. HP: 17/19 MP: 1/4
   348 | D:1      | Learned a level 1 spell: Animate Skeleton
   414 | D:1      | Reached skill level 5 in Necromancy
  1370 | D:1      | Reached XP level 3. HP: 24/24 MP: 6/6
  1379 | D:1      | Learned a level 3 spell: Vampiric Draining
  2332 | D:2      | Reached XP level 4. HP: 23/30 MP: 0/7
  2462 | D:2      | Reached skill level 3 in Dodging
  2779 | D:2      | Noticed Jessica
  2784 | D:2      | Killed Jessica
  2784 | D:2      | Reached skill level 6 in Necromancy
  3285 | D:3      | Found a white marble altar of Elyvilon.
  3320 | D:3      | Found a bloodstained altar of Trog.
  3342 | D:3      | Noticed Sigmund
  3492 | D:3      | Reached XP level 5. HP: 23/35 MP: 2/9
  3850 | D:4      | Noticed Grinder
  4423 | D:3      | Killed Sigmund
  4915 | D:3      | Noticed an ogre
  5330 | D:4      | Reached XP level 6. HP: 36/41 MP: 4/11
  5349 | D:4      | Found a shadowy altar of Dithmenos.
  5456 | D:4      | Reached skill level 3 in Spellcasting
  5456 | D:4      | Reached skill level 7 in Necromancy
  5950 | D:5      | Entered Level 5 of the Dungeon
  6369 | D:5      | Reached skill level 4 in Spellcasting
  6369 | D:5      | Reached XP level 7. HP: 29/46 MP: 5/17
  6703 | D:5      | Noticed mhilhors' ghost (average DsNe)
  6771 | D:5      | Noticed a water moccasin
  7055 | D:5      | Got a slimy helmet
  7061 | D:5      | Identified the +2 helmet of Trenas {rF+ Int-1} (You found it on level 5 of the Dungeon)
  7101 | D:6      | Reached skill level 8 in Necromancy
  7288 | D:6      | Reached skill level 4 in Dodging
  7364 | D:6      | Learned a level 4 spell: Animate Dead
  7479 | D:6      | Found a staircase to the Ecumenical Temple.
  7491 | Temple   | Entered the Ecumenical Temple
  7725 | D:6      | Reached skill level 5 in Dodging
  8334 | D:6      | Reached skill level 6 in Dodging
  8347 | D:6      | Reached XP level 8. HP: 29/52 MP: 3/18
  8869 | D:6      | Reached skill level 7 in Dodging
  9123 | D:7      | Noticed a manticore
  9186 | D:7      | Found a glowing golden altar of the Shining One.
  9261 | D:7      | Reached skill level 1 in Fighting
  9310 | D:7      | Found a burning altar of Makhleb.
  9351 | D:7      | Reached skill level 2 in Fighting
  9362 | D:7      | Learned a level 3 spell: Regeneration
  9389 | D:7      | Reached skill level 3 in Fighting
  9575 | D:7      | Reached skill level 4 in Fighting
  9717 | D:7      | Reached skill level 5 in Fighting
 10227 | D:8      | Found an ancient bone altar of Kikubaaqudgha.
 10234 | D:8      | Became a worshipper of Kikubaaqudgha
 10439 | D:8      | Reached skill level 6 in Fighting
 10439 | D:8      | Reached XP level 9. HP: 46/69 MP: 11/20
 10893 | D:8      | Found a deep blue altar of Sif Muna.
 11006 | D:9      | Found Daed's Armour Boutique.
 11010 | D:9      | Bought a +2 leather armour of cold resistance for 228 gold pieces
 11277 | D:9      | Found a radiant altar of Vehumet.
 11310 | D:9      | Found Usiwkai's Armour Shoppe.
 11324 | D:9      | Reached skill level 7 in Fighting
 11350 | D:9      | Acquired Kikubaaqudgha's first power
 11350 | D:9      | Received a gift from Kikubaaqudgha
 11351 | D:9      | Identified Kikubaaqudgha's Reference Book on Evil (Kikubaaqudgha gifted it to you on level 9 of the Dungeon)
 11451 | D:9      | Found a basalt altar of Yredelemnul.
 11542 | D:9      | Found a staircase to the Orcish Mines.
 11552 | D:9      | Bought a +0 pair of boots for 67 gold pieces
 11659 | D:9      | Reached skill level 8 in Fighting
 12123 | D:10     | Entered Level 10 of the Dungeon
 12123 | D:10     | Noticed a hill giant
 12307 | D:9      | Reached skill level 5 in Spellcasting
 12574 | D:10     | Killed a hill giant
 12675 | D:10     | Reached skill level 9 in Necromancy
 12675 | D:10     | Reached XP level 10. HP: 68/80 MP: 17/23
 12886 | D:10     | Acquired Kikubaaqudgha's second power
 12951 | D:10     | Learned a level 2 spell: Corpse Rot
 12952 | D:10     | Noticed a death yak
 12956 | D:10     | Learned a level 4 spell: Control Undead
 13105 | D:10     | Killed a death yak
 13105 | D:10     | Reached skill level 6 in Spellcasting
 13240 | D:10     | Found a staircase to the Lair.
 13286 | D:10     | Noticed an efreet
 13912 | D:10     | Noticed teukkam's ghost (experienced TrMo)
 14110 | Lair:1   | Entered Level 1 of the Lair of Beasts
 14221 | Lair:1   | Reached skill level 10 in Necromancy
 14482 | Lair:1   | Reached skill level 7 in Spellcasting
 14797 | Lair:1   | Identified a cursed +1 rod of clouds (10/10) (You found it on level 10 of the Dungeon)
 14877 | Lair:1   | Noticed an eight-headed hydra
 14905 | Lair:1   | Killed an eight-headed hydra
 14905 | Lair:1   | Reached skill level 11 in Necromancy
 15115 | Lair:1   | Reached skill level 8 in Spellcasting
 15386 | Lair:1   | Reached XP level 11. HP: 61/86 MP: 10/27
 15766 | Lair:2   | Noticed a six-headed hydra
 15774 | Lair:2   | Killed a six-headed hydra
 16110 | Lair:2   | Identified a scroll of acquirement
 16127 | Lair:2   | Reached skill level 1 in Short Blades
 16153 | Lair:2   | Reached skill level 2 in Short Blades
 16469 | Lair:2   | Reached skill level 3 in Short Blades
 16718 | Lair:2   | Reached skill level 4 in Short Blades
 17391 | Lair:2   | Reached skill level 10 in Short Blades
 17391 | Lair:2   | Reached XP level 12. HP: 93/93 MP: 29/29
 17496 | Lair:3   | Reached skill level 4 in Stealth
 17706 | Lair:3   | Reached skill level 5 in Stealth
 17842 | Lair:3   | Reached skill level 6 in Stealth
 17868 | Lair:3   | Reached skill level 7 in Stealth
 17873 | Lair:3   | Received a gift from Kikubaaqudgha
 17874 | Lair:3   | Identified Kikubaaqudgha's Volume of Evil (Kikubaaqudgha gifted it to you on level 3 of the Lair of Beasts)
 17916 | Lair:3   | Learned a level 5 spell: Agony
 17922 | Lair:3   | Learned a level 5 spell: Twisted Resurrection
 18018 | Lair:3   | Reached skill level 8 in Stealth
 18257 | Lair:3   | Reached skill level 9 in Stealth
 18395 | Lair:3   | Noticed a six-headed hydra
 18406 | Lair:3   | Killed a six-headed hydra
 19032 | Lair:4   | Found a snail-covered altar of Cheibriados.
 19076 | Lair:4   | Reached skill level 9 in Spellcasting
 19108 | Lair:4   | Reached skill level 12 in Necromancy
 19470 | Lair:4   | Acquired Kikubaaqudgha's third power
 20490 | Lair:5   | Reached XP level 13. HP: 92/98 MP: 21/31
 20520 | Lair:5   | Found a staircase to the Shoals.
 20703 | Lair:5   | Noticed a four-headed hydra
 20709 | Lair:5   | Killed a four-headed hydra
 20709 | Lair:5   | Reached skill level 10 in Spellcasting
 20831 | Lair:5   | Reached skill level 13 in Necromancy
 21564 | Lair:6   | Found a burning altar of Makhleb.
 21815 | Lair:6   | Found a staircase to the Snake Pit.
 22814 | Lair:7   | Found a staircase to the Slime Pits.
 22815 | Lair:7   | Found a viscous altar of Jiyva.
 23932 | Lair:8   | Entered Level 8 of the Lair of Beasts
 24213 | Lair:8   | Reached skill level 11 in Spellcasting
 24580 | Lair:8   | Acquired Kikubaaqudgha's fourth power
 24599 | Lair:8   | Reached skill level 14 in Necromancy
 24663 | Lair:8   | Gained mutation: Your body is slowly deteriorating. [potion of mutation]
 24663 | Lair:8   | Gained mutation: Your body is deteriorating. [potion of mutation]
 24663 | Lair:8   | Gained mutation: You are weak. (Str -2) [potion of mutation]
 24664 | Lair:8   | HP: 9/98 [poison (a potion of poison)]
 25882 | Lair:8   | Learned a level 5 spell: Dispel Undead
 26640 | Orc:1    | Entered Level 1 of the Orcish Mines
 26652 | Orc:1    | Reached skill level 12 in Spellcasting
 26657 | Orc:1    | Noticed Grum
 26835 | D:9      | Reached XP level 14. HP: 93/105 MP: 34/34
 26850 | Orc:1    | Killed Grum
 27152 | Orc:2    | Found a roughly hewn altar of Beogh.
 28031 | Orc:3    | Noticed Psyche
 28031 | Orc:3    | Noticed Nessos
 28298 | Orc:3    | Found a staircase to the Elven Halls.
 28412 | Orc:4    | Entered Level 4 of the Orcish Mines
 28509 | Orc:4    | Found a flickering gateway to a bazaar.
 28523 | Bazaar   | Entered a bazaar
 28523 | Bazaar   | Found Choat's Armour Shoppe.
 28523 | Bazaar   | Found Ciriariu's Distillery.
 28523 | Bazaar   | Found Witzioh's Food Shoppe.
 28524 | Bazaar   | Found Cuasyt's Magic Scroll Shop.
 28525 | Bazaar   | Found Guapremm's Book Emporium.
 28555 | Bazaar   | Bought a potion of heal wounds for 54 gold pieces
 28555 | Bazaar   | Bought a potion of restore abilities for 54 gold pieces
 28559 | Bazaar   | Bought a scroll of blinking for 82 gold pieces
 28559 | Bazaar   | Bought a scroll of teleportation for 33 gold pieces
 28559 | Bazaar   | Bought a scroll of teleportation for 33 gold pieces
 28559 | Bazaar   | Bought a scroll of identify for 22 gold pieces
 28559 | Bazaar   | Bought a scroll of identify for 22 gold pieces
 28580 | Bazaar   | Bought a potion of haste for 126 gold pieces
 28580 | Bazaar   | Bought a potion of curing for 36 gold pieces
 28580 | Bazaar   | Bought a potion of might for 45 gold pieces
 28580 | Bazaar   | Bought a potion of curing for 36 gold pieces
 28580 | Bazaar   | Bought a potion of curing for 36 gold pieces
 28586 | Bazaar   | Bought a scroll of magic mapping for 38 gold pieces
 28927 | D:8      | Identified a +8 quick blade of pain (a +6 quick blade bloodied by Kikubaaqudgha)
 29269 | Orc:4    | Reached skill level 15 in Necromancy
 29359 | Orc:4    | Found Vecsaiv's Book Shop.
 29359 | Orc:4    | Found Cluada's Magic Scroll Boutique.
 29359 | Orc:4    | Found Thaer's Book Boutique.
 29365 | Orc:4    | Found Fanol's Assorted Antiques.
 29388 | Orc:4    | Bought a square cameo amulet for 125 gold pieces
 29452 | Orc:4    | Bought a scroll of acquirement for 884 gold pieces
 29452 | Orc:4    | Bought a scroll of enchant armour for 127 gold pieces
 29452 | Orc:4    | Bought a scroll of enchant armour for 127 gold pieces
 29759 | Orc:3    | Killed Psyche
 29999 | Orc:3    | Reached skill level 9 in Fighting
 30005 | Orc:3    | Your ally Psyche died
 30157 | Orc:3    | Found a bloodstained altar of Trog.
 30329 | Orc:3    | Killed Nessos
 30461 | D:10     | Killed teukkam's ghost
 31258 | D:11     | Reached skill level 10 in Fighting
 31621 | D:12     | Gained mutation: Your system is resistant to poisons. [potion of beneficial mutation]
 32048 | D:12     | Learned a level 2 spell: Repel Missiles
 32120 | D:12     | Reached skill level 1 in Shields
 32129 | D:12     | Got a fine robe
 32130 | D:12     | Identified the cursed -1 robe of Subjectivity {Str+1 Int+4} (You found it on level 12 of the Dungeon)
 32338 | D:13     | Reached skill level 2 in Shields
 32469 | D:13     | Noticed Harold
 32657 | D:13     | Reached skill level 3 in Shields
 32667 | D:13     | Killed Harold
 32770 | D:13     | Reached skill level 4 in Shields
 32914 | D:13     | Reached skill level 5 in Shields
 32981 | D:13     | Reached skill level 1 in Charms
 33222 | D:13     | Reached skill level 2 in Charms
 33361 | D:13     | Noticed Gastronok
 33374 | D:13     | Killed Gastronok
 33475 | D:13     | Reached skill level 3 in Charms
 33555 | D:13     | Lost mutation: Your body is deteriorating. [potion of cure mutation]
 33555 | D:13     | Lost mutation: You are weak. (Str -2) [potion of cure mutation]
 33569 | D:13     | Reached skill level 4 in Charms
 33609 | D:13     | Found a gate to the Vaults.
 33650 | D:13     | Reached XP level 15. HP: 69/117 MP: 34/34
 33659 | D:13     | Reached skill level 5 in Charms
 34561 | D:14     | Found a portal to a secret trove of treasure.
 34703 | D:14     | Reached skill level 6 in Charms
 34858 | D:14     | Reached skill level 16 in Necromancy
 35308 | D:15     | Entered Level 15 of the Dungeon
 35348 | D:15     | Got a smoking scale mail
 35349 | D:15     | Identified the cursed -5 scale mail of Yredelemnul's Reproof {MR+} (You found it on level 15 of the Dungeon)
 35395 | D:15     | Reached skill level 7 in Charms
 36245 | D:15     | Noticed Snorg
 36252 | D:15     | Killed Snorg
 36252 | D:15     | Reached skill level 8 in Dodging
 36395 | D:15     | Found a staircase to the Depths.
 36980 | Orc:4    | Bought a book of Wizardry for 390 gold pieces
 36980 | Orc:4    | Bought a book of Battle for 520 gold pieces
 36986 | Orc:4    | Learned a level 3 spell: Spectral Weapon
 37246 | Snake:1  | Entered Level 1 of the Snake Pit
 37347 | Snake:1  | Found a deep blue altar of Sif Muna.
 38744 | Snake:2  | Reached skill level 13 in Spellcasting
 38866 | Snake:3  | Found a flickering gateway to a bazaar.
 38887 | Bazaar   | Entered a bazaar
 38887 | Bazaar   | Found Nehepn's Antique Armour Shoppe.
 38899 | Bazaar   | Found Kaxuasix's Jewellery Emporium.
 38913 | Bazaar   | Found Cofap's Food Boutique.
 38918 | Bazaar   | Found Fron's Gadget Shop.
 38921 | Bazaar   | Found Shrethryc's Jewellery Shop.
 39100 | Snake:3  | Noticed Aizul
 39135 | Snake:3  | Killed Aizul
 39697 | Snake:4  | Reached skill level 14 in Spellcasting
 39966 | Snake:4  | Reached XP level 16. HP: 113/123 MP: 37/37
 40533 | Lair:2   | Learned a level 6 spell: Haste
 40645 | Shoals:1 | Entered Level 1 of the Shoals
 41433 | Shoals:1 | Reached skill level 8 in Charms
 41731 | Shoals:2 | Reached skill level 9 in Charms
 42115 | Shoals:3 | Reached skill level 10 in Charms
 42714 | Shoals:3 | Got a pair of heavily runed boots
 42789 | Shoals:3 | Identified the cursed +0 pair of boots of Honesty {Stlth-} (You found it on level 3 of the Shoals)
 42954 | Shoals:3 | Reached skill level 11 in Charms
 43633 | Shoals:1 | Lost strength.
 43803 | Snake:5  | Entered Level 5 of the Snake Pit
 43979 | Snake:5  | Reached skill level 12 in Charms
 44954 | Snake:5  | Reached skill level 13 in Charms
 45257 | Snake:5  | Reached skill level 9 in Dodging
 45269 | Snake:5  | Got a serpentine rune of Zot
 45371 | Snake:5  | Reached XP level 17. HP: 110/129 MP: 37/37
 45703 | Snake:5  | Reached skill level 10 in Dodging
 46242 | Lair:2   | Learned a level 6 spell: Simulacrum
 46480 | Shoals:5 | Entered Level 5 of the Shoals
 46575 | Shoals:5 | Reached skill level 11 in Dodging
 46683 | Shoals:5 | Got a barnacled rune of Zot
 46871 | Shoals:5 | Found Kohaef's General Store.
 46955 | Shoals:5 | Noticed Ilsuiw
 47160 | Shoals:5 | Reached skill level 12 in Dodging
 47624 | Vaults:1 | Entered Level 1 of the Vaults
 47683 | Vaults:1 | Reached skill level 1 in Ice Magic
 47703 | Vaults:1 | Reached skill level 2 in Ice Magic
 47901 | Vaults:1 | Found Wohejad Heka's Food Shoppe.
 47927 | Vaults:1 | Reached skill level 3 in Ice Magic
 47992 | Vaults:1 | Reached skill level 4 in Ice Magic
 48033 | Vaults:1 | Reached skill level 5 in Ice Magic
 48103 | Vaults:1 | Noticed Agnes
 48117 | Vaults:1 | Killed Agnes
 48188 | Vaults:1 | Reached skill level 6 in Ice Magic
 48607 | Vaults:1 | Reached skill level 7 in Ice Magic
 48874 | Vaults:1 | Reached skill level 8 in Ice Magic
 49276 | Vaults:1 | Got a smoking cloak
 49277 | Vaults:1 | Identified the +2 cloak of Activism {rPois MR+ Slay-6} (You acquired it on level 1 of the Vaults)
 49339 | Vaults:1 | Reached skill level 9 in Ice Magic
 49572 | Vaults:1 | Paralysed by a sphinx for 4 turns
 49932 | Vaults:2 | Reached skill level 11 in Fighting
 49967 | Vaults:2 | Reached XP level 18. HP: 105/138 MP: 30/38
 50237 | Vaults:2 | Got a jewelled battleaxe
 50694 | Vaults:2 | Reached skill level 12 in Fighting
 51487 | Vaults:2 | Found Shrawn's Antique Armour Shop.
 51494 | Vaults:2 | Bought a jewelled buckler for 266 gold pieces
 51494 | Vaults:2 | Bought a bloodstained leather armour for 196 gold pieces
 51495 | Vaults:2 | Identified the +3 buckler of Wonder {rElec SInv} (You bought it in a shop on level 2 of the Vaults)
 51508 | Vaults:2 | Identified the +1 leather armour of Hospitality {+Inv rPois MR+} (You bought it in a shop on level 2 of the Vaults)
 51715 | Vaults:3 | Noticed Sojobo
 52364 | Vaults:3 | Noticed Margery
 52381 | Vaults:3 | Reached skill level 13 in Fighting
 54386 | Vaults:3 | Killed Margery
 54386 | Vaults:3 | Reached skill level 14 in Fighting
 54515 | Vaults:3 | Found a staircase to the Crypt.
 54515 | Vaults:3 | Found a basalt altar of Yredelemnul.
 54516 | Vaults:3 | Found an ancient bone altar of Kikubaaqudgha.
 54792 | Vaults:3 | Killed Sojobo
 55361 | Vaults:4 | Reached skill level 15 in Fighting
 55600 | Vaults:4 | Reached XP level 19. HP: 116/155 MP: 34/39
 56462 | Vaults:4 | Noticed a golden dragon
 56911 | Vaults:4 | Reached skill level 16 in Fighting
 57745 | Crypt:1  | Entered Level 1 of the Crypt
 57960 | Crypt:1  | Found a basalt altar of Yredelemnul.
 59314 | Crypt:1  | Got a thick robe
 59321 | Crypt:1  | Identified the +1 robe "Hymeusme" {Str+1 Dex+5} (You found it on level 1 of the Crypt)
 59415 | Crypt:1  | Reached skill level 17 in Necromancy
 60034 | Lair:2   | Identified the +7 battleaxe of the Hidden Spirits {elec, *Tele +Rage rElec rPois SInv} (You found it on level 2 of the Vaults)
 60439 | Depths:1 | Entered Level 1 of the Depths
 60860 | Depths:1 | Found a gateway to Hell.
 60907 | Depths:1 | Found a gateway to a ziggurat.
 60956 | Depths:1 | Found a flickering gateway to a bazaar.
 60965 | Bazaar   | Entered a bazaar
 61306 | Bazaar   | Found Jirad's Antique Armour Boutique.
 61313 | Bazaar   | Bought a pair of embroidered boots for 76 gold pieces
 61326 | Bazaar   | Found Mihivyk Inok's General Store.
 61332 | Bazaar   | Found Shuosebi's General Store.
 61337 | Bazaar   | Found Qiapham's Antique Weapon Emporium.
 61357 | Bazaar   | Found Xyorroidev's General Store.
 61364 | Bazaar   | Bought the ring of Moodiness {AC+3 Str-2 Int+3} for 511 gold pieces
 61709 | Depths:1 | Reached skill level 18 in Necromancy
 61870 | Depths:1 | Reached XP level 20. HP: 124/166 MP: 34/39
 61995 | Depths:1 | Got a pitted triple crossbow
 61996 | Depths:1 | Identified the +0 triple crossbow of Hospitality {speed, rF+ rC+ Int+2 Stlth-} (You found it on level 1 of the Depths)
 62467 | Depths:1 | Reached skill level 19 in Necromancy
 62720 | Depths:1 | Found a one-way gate leading to the halls of Pandemonium.
 63094 | Depths:2 | Got a faintly humming cloak
 63095 | Depths:2 | Identified the +1 cloak "Soogolol" {+Rage Str+4} (You acquired it on level 2 of the Depths)
 63179 | Depths:2 | Reached skill level 20 in Necromancy
 64417 | Crypt:3  | Entered Level 3 of the Crypt
 65035 | Crypt:3  | Reached skill level 21 in Necromancy
 65791 | Crypt:3  | Reached skill level 13 in Dodging
 65806 | Crypt:3  | Reached XP level 21. HP: 172/172 MP: 6/40
 65904 | Crypt:3  | Paralysed by a vampire knight for 4 turns
 65907 | Crypt:3  | Slain by a vampire knight

Vanquished Creatures
  Sojobo (Vaults:3)
  Margery (Vaults:3)
  A tentacled monstrosity (Vaults:3)
  A lich (Depths:2)
  A storm dragon (Vaults:3)
  Agnes (Vaults:1)
  5 ancient champions (Crypt:3)
  5 tengu reavers
  5 greater nagas
  5 azure jellies (Depths:1)
  A revenant (Crypt:3)
  2 fire giants (Vaults:4)
  A deep elf sorcerer (Vaults:4)
  A frost giant (Vaults:3)
  11 vault wardens
  Aizul (Snake:3)
  4 emperor scorpions
  Gastronok (D:13)
  A war gargoyle (Vaults:4)
  6 stone giants
  A reaper (Depths:1)
  8 very ugly things
  4 vampire knights
  A death ooze (Depths:1)
  A dire elephant (Depths:1)
  2 ettins
  A green death (Depths:1)
  3 jiangshi (Crypt:1)
  3 eidola (Crypt:3)
  9 great orbs of eyes
  A crystal guardian (Vaults:4)
  A deep elf death mage (Vaults:3)
  2 fire dragons
  6 yaktaur captains
  11 vault guards
  3 merfolk impalers
  9 ironheart preservers
  10 naga warriors
  Harold (D:13)
  2 hydras
  4 anacondas
  Nessos (Orc:3)
  2 ice dragons
  6 centaur warriors
  5 ghost crabs
  A siren (Shoals:1)
  An alligator snapping turtle (Shoals:5)
  4 vampire magi
  2 death yaks
  2 satyrs (Shoals:3)
  2 deep troll shamans
  2 deep troll earth magi
  An orc high priest (Orc:4)
  7 naga sharpshooters
  A spriggan berserker (Depths:2)
  The ghost of teukkam the Grappler, an experienced TrMo of Nemelex Xobeh (D:10)
  3 tengu warriors
  2 shock serpents
  A soul eater (Crypt:3)
  8 ogre magi
  An ice devil (Depths:1)
  5 hell knights (Vaults:3)
  2 shadow wraiths (Crypt:3)
  An orb spider (shapeshifter) (Vaults:1)
  A giant orange brain (shapeshifter) (Depths:1)
  3 deep elf knights
  A salamander mystic (Snake:5)
  16 skeletal warriors
  11 deep trolls
  3 orc knights
  A lindwurm (shapeshifter) (Vaults:1)
  13 sea snakes
  4 wizards
  2 anaconda zombies
  6 naga ritualists
  4 harpies (Vaults:3)
  A shadow dragon zombie (Crypt:1)
  4 flayed ghosts
  6 unseen horrors
  7 hill giants
  2 deep elf summoners
  2 harpies (shapeshifter)
  4 orc sorcerers
  4 mana vipers
  2 deep elf conjurers
  7 fauns
  19 ugly things
  4 wolf spiders
  8 necromancers
  A moth of wrath (shapeshifter) (Vaults:2)
  3 phantasmal warriors
  A guardian serpent (Snake:4)
  7 ironbrand convokers
  A stone giant zombie (Crypt:1)
  A red wasp (shapeshifter) (Vaults:1)
  2 manticores
  A frost giant zombie (Crypt:3)
  4 red wasps
  5 salamanders
  10 griffons
  4 cyclopes
  5 mermaids
  3 water nymphs
  A stone giant skeleton (Crypt:3)
  A sixfirhy (D:14)
  2 centaur zombies (D:15)
  A smoke demon (Depths:1)
  13 spiny frogs
  7 vault sentinels
  6 elephants
  A shock serpent skeleton (Crypt:1)
  21 black mambas
  A guardian serpent (shapeshifter) (Vaults:4)
  Psyche (Orc:3)
  18 naga magi
  2 gargoyles (D:15)
  A spiny frog (shapeshifter) (Vaults:3)
  An iron troll zombie (Crypt:3)
  27 yaktaurs
  A kobold demonologist (Vaults:1)
  An efreet (D:14)
  2 tengu conjurers (D:13)
  An elf (shapeshifter) (Vaults:3)
  3 komodo dragons
  A deep elf priest (Vaults:4)
  A mana viper zombie (Crypt:1)
  A jumping spider (Vaults:4)
  A hellwing (Depths:1)
  2 giant leeches (Lair:8)
  19 merfolk
  A polar bear (Lair:6)
  8 freezing wraiths
  A blue devil (Depths:1)
  3 hydra skeletons
  6 trolls
  2 blink frogs (shapeshifter)
  5 boulder beetles
  A human simulacrum (Vaults:3)
  4 basilisks
  8 two-headed ogres
  10 ravens
  A tengu simulacrum (Vaults:1)
  8 blink frogs
  A griffon zombie (D:13)
  17 slime creatures
  A fire dragon zombie (Crypt:1)
  A trapdoor spider (D:14)
  2 flying skulls
  10 redbacks
  An ice dragon skeleton (Crypt:3)
  3 tarantellas
  A griffon skeleton (Crypt:1)
  4 snapping turtles
  9 wraiths
  A spriggan (shapeshifter) (Vaults:2)
  A fire dragon skeleton (Crypt:1)
  6 water elementals
  4 shadows
  4 spriggans
  A hill giant zombie (D:10)
  8 hippogriffs
  4 vampires
  3 wyverns
  5 deep elf magi
  2 hungry ghosts
  Grum (Orc:1)
  9 deep elf fighters
  7 wolves
  37 yaks
  14 humans (D:13)
  A wind drake skeleton (Crypt:1)
  A steam dragon (Lair:5)
  18 water moccasins
  14 vampire mosquitoes
  22 nagas
  A neqoxec (Depths:1)
  A warg (shapeshifter) (Vaults:4)
  3 mottled dragons
  2 raven skeletons
  A spiny frog zombie (Crypt:1)
  2 black bears
  2 ice beasts
  20 orc warriors
  A phantom (D:7)
  A snapping turtle zombie (Crypt:1)
  7 porcupines
  5 sky beasts
  A soldier ant (D:14)
  38 ogres
  2 manticore zombies
  3 spiders (Snake:2)
  13 centaurs
  2 ettin simulacra
  6 boggarts (Vaults:1)
  A necrophage (D:9)
  8 crocodiles
  A swamp dragon skeleton (Crypt:3)
  Sigmund (D:3)
  2 manticore skeletons (D:15)
  2 big kobolds
  An elf zombie (Crypt:1)
  20 giant frogs
  2 cyclops zombies
  A wyvern zombie (Crypt:3)
  A cyclops skeleton (D:14)
  8 scorpions
  An eye of draining (shapeshifter) (Vaults:4)
  7 killer bees
  11 wights
  2 eyes of draining
  5 crimson imps
  A yaktaur simulacrum (D:15)
  8 hounds
  A two-headed ogre zombie (D:13)
  A basilisk zombie (D:12)
  29 orc priests
  4 goliath beetles
  4 jellies
  32 orc wizards
  9 worker ants
  2 basilisk skeletons
  An elf simulacrum (Vaults:1)
  An orange rat (Depths:1)
  9 iguanas
  Jessica (D:2)
  A felid zombie (Crypt:2)
  13 sheep
  An ogre skeleton (Crypt:2)
  An ogre zombie (Crypt:1)
  A hound skeleton (Crypt:1)
  A mummy (D:11)
  20 adders
  34 green rats
  A scorpion zombie (Crypt:1)
  4 shadow imps
  2 giant mites (D:11)
  3 worms
  2 orc skeletons
  An adder skeleton (D:7)
  8 giant geckos
  2 oozes
  145 orcs
  19 bats
  A bat skeleton (D:5)
  6 giant cockroaches
  A gnoll zombie (D:6)
  21 goblins
  14 hobgoblins
  10 jackals
  20 kobolds
  11 quokkas
  A ball python (D:2)
  9 giant newts
  A giant spore (D:12)
  2 hobgoblin skeletons (D:8)
  A kobold zombie (D:8)
  14 rats
  A rat skeleton (D:4)
  3 ballistomycetes
  A fungus (D:11)
  A plant (Lair:8)
  2 tentacles (Shoals:5)
1457 creatures vanquished.

Vanquished Creatures (collateral kills)
  A tentacled monstrosity (Depths:1)
  A sphinx (Vaults:1)
  A kraken (Shoals:5)
  An acid blob (Depths:1)
  An ancient champion (Crypt:3)
  A revenant (Crypt:3)
  A vault warden (Vaults:4)
  A greater naga (Snake:5)
  2 ghouls
  A very ugly thing (Depths:1)
  A green death (Depths:1)
  2 merfolk javelineers (Shoals:5)
  Snorg (D:15)
  A merfolk impaler (Shoals:5)
  An ironheart preserver (Vaults:1)
  A quicksilver dragon zombie (Crypt:3)
  A vault guard (Vaults:4)
  3 death oozes (Depths:1)
  5 great orbs of eyes (Depths:1)
  7 jiangshi
  A spectral shadow dragon (Crypt:2)
  2 naga warriors
  2 quicksilver dragon skeletons
  An anaconda (Snake:3)
  An ogre mage (Vaults:2)
  3 merfolk aquamancers (Shoals:5)
  3 hydras
  2 rakshasas
  5 sirens
  A death knight (Crypt:3)
  2 vampire magi (Crypt:3)
  2 naga sharpshooters
  A sun demon (Orc:4)
  A tengu warrior (D:15)
  A spectral storm dragon (Crypt:1)
  A salamander mystic (Snake:5)
  A fire crab (Vaults:4)
  2 soul eaters
  9 skeletal warriors (Crypt:3)
  A deep troll (Vaults:2)
  A flayed ghost (Crypt:3)
  A golden dragon zombie (Crypt:1)
  A naga ritualist (Snake:5)
  2 shadow wraiths
  A large abomination (Depths:1)
  4 sea snakes
  A golden dragon skeleton (Crypt:2)
  A deep elf summoner (Depths:2)
  3 hill giants
  An ironbrand convoker (Vaults:4)
  2 harpies
  An oklob plant (Lair:8)
  A necromancer (Crypt:3)
  A spectral wolf spider (Crypt:2)
  A mana viper (Snake:3)
  2 cyclopes
  6 griffons
  2 manticores
  An orc sorcerer (Orc:4)
  A red wasp (Depths:1)
  A stone giant zombie (Crypt:3)
  An orc knight (Vaults:1)
  5 phantasmal warriors
  A faun (Shoals:1)
  2 wolf spiders
  2 salamanders (Snake:1)
  A water nymph (Shoals:4)
  2 ugly things (Vaults:1)
  6 elephants
  A moth of wrath (shapeshifter) (Depths:1)
  A dire elephant zombie (Crypt:3)
  4 black mambas
  2 drowned souls
  A stone giant skeleton (Crypt:2)
  4 naga magi (Snake:5)
  A torpor snail (Depths:1)
  2 vault sentinels
  14 spiny frogs
  A white draconian zombie (Crypt:2)
  6 yaktaurs
  4 komodo dragons
  A demonic crawler (Depths:1)
  2 deep elf magi
  A white draconian skeleton (Crypt:3)
  An anaconda simulacrum (Crypt:3)
  A death yak skeleton (Crypt:3)
  A troll (D:14)
  A mottled dragon (Vaults:1)
  A spectral catoblepas (Crypt:1)
  2 freezing wraiths (Crypt:3)
  5 merfolk
  4 slime creatures
  A wind drake (Shoals:1)
  A wolf spider simulacrum (Crypt:3)
  2 ravens
  A two-headed ogre (D:13)
  6 water elementals
  A snapping turtle (Shoals:3)
  7 blink frogs
  An ice dragon skeleton (Crypt:1)
  A flying skull (Crypt:1)
  A trapdoor spider (shapeshifter) (Vaults:1)
  2 shadows (Crypt:1)
  2 basilisks
  4 vampires
  A redback (Vaults:2)
  5 wraiths
  16 yaks
  3 humans (D:13)
  A deep elf fighter (Vaults:2)
  A hungry ghost (Crypt:1)
  2 hippogriffs
  3 wolves
  5 vampire mosquitoes
  A faun zombie (Crypt:2)
  2 soldier ants
  A chaos spawn (Depths:1)
  2 water moccasins
  10 nagas
  A small abomination (Depths:1)
  2 porcupines (Lair:3)
  A yellow wasp (Depths:1)
  5 orc warriors
  A phantom (Depths:1)
  3 spiders (Snake:2)
  6 ogres
  2 ice beasts
  2 necrophages
  3 centaurs
  2 crocodiles
  7 giant frogs
  A cyclops zombie (D:15)
  A scorpion (Depths:1)
  3 electric eels
  A spectral ogre (Crypt:3)
  2 wights
  A crimson imp (D:6)
  3 jellies
  6 orc priests
  A hound (D:4)
  A quasit (D:13)
  An orange rat (Depths:1)
  9 orc wizards
  2 sheep (Lair:6)
  A two-headed ogre skeleton (Crypt:2)
  An ogre zombie (D:9)
  4 orc zombies (Orc:4)
  2 mummies
  13 green rats
  2 adders
  A worm (D:3)
  A giant mite (D:11)
  A lava snake skeleton (Crypt:3)
  An ooze (Depths:1)
  24 orcs
  4 bats
  A bat zombie (Crypt:3)
  2 hobgoblins
  3 jackals (D:6)
  3 quokkas
  2 giant cockroaches
  A giant newt skeleton (Crypt:2)
  8 goblins
  A hobgoblin zombie (D:6)
  A kobold (D:9)
  2 rats (D:10)
  2 bushes (Lair:8)
  5 fungi
  7 plants
  A tentacle (Shoals:5)
436 creatures vanquished.

Vanquished Creatures (others)
  5 large abominations
  2 quicksilver dragon zombies (Crypt:3)
  A titan zombie (Crypt:3)
  A storm dragon zombie (Crypt:3)
  16 spectral weapons
  A shadow wraith (Crypt:3)
  3 anaconda zombies
  A storm dragon skeleton (Crypt:1)
  A wolf spider zombie (Depths:1)
  An iron dragon zombie (Crypt:3)
  3 frost giant zombies
  3 fire giant zombies
  2 stone giant zombies
  4 shock serpent zombies
  A black mamba (Snake:1)
  A fire giant skeleton (Depths:1)
  3 dire elephant zombies
  18 drowned souls
  An elephant (Lair:4)
  10 sea snake zombies
  A redback zombie (Vaults:4)
  2 emperor scorpion zombies
  A siren zombie (Shoals:5)
  3 harpy zombies
  A catoblepas zombie (D:15)
  A demonic crawler zombie (Depths:1)
  7 merfolk zombies
  4 small abominations
  2 ice dragon zombies
  2 red wasp zombies (Vaults:3)
  2 ettin zombies
  A raven (Depths:1)
  A tarantella zombie (Vaults:4)
  An alligator zombie (Crypt:3)
  A fire dragon zombie (Depths:1)
  A deep troll zombie (D:15)
  8 griffon zombies
  A blink frog (shapeshifter) (Vaults:4)
  A hill giant zombie (Depths:1)
  5 black mamba zombies
  2 ice dragon skeletons
  A hill giant skeleton (D:10)
  3 water nymph zombies
  A raven zombie (D:13)
  3 spiny frog zombies
  A raven skeleton (D:13)
  An orc warrior (Orc:1)
  2 spiny frog skeletons
  An elephant zombie (Lair:8)
  5 snapping turtle zombies
  2 blink frog zombies (Lair:8)
  A ghost crab zombie (Crypt:1)
  2 mermaid zombies
  4 blink frog skeletons
  2 manticore zombies (Shoals:5)
  2 ogres (Vaults:2)
  2 vampire mosquito zombies (Vaults:2)
  5 lost souls
  A salamander zombie (Snake:5)
  A fire crab zombie (Vaults:4)
  A komodo dragon zombie (Lair:8)
  13 yaktaur zombies
  5 cyclops zombies
  A komodo dragon skeleton (Lair:1)
  4 water moccasin zombies
  A water moccasin skeleton (D:10)
  A hippogriff zombie (Lair:1)
  A spriggan zombie (Crypt:1)
  A boulder beetle zombie (Vaults:1)
  A tengu zombie (D:13)
  6 yak zombies
  A naga skeleton (Snake:5)
  A wolf zombie (Orc:1)
  5 centaur zombies
  A wolf skeleton (Lair:3)
  2 elf zombies
  5 giant frog zombies
  A boring beetle zombie (D:15)
  A two-headed ogre zombie (Depths:1)
  4 giant frog skeletons
  A black bear zombie (Lair:8)
  2 centaur skeletons
  A porcupine zombie (Lair:3)
  A basilisk skeleton (Lair:1)
  A killer bee zombie (D:10)
  2 mottled dragon zombies
  15 ogre zombies
  24 naga zombies
  A crocodile skeleton (Lair:8)
  20 human zombies
  A hound zombie (Lair:1)
  An ogre skeleton (D:6)
  A hound skeleton (D:4)
  An orange rat zombie (Depths:1)
  A worker ant zombie (D:6)
  32 orc zombies
  An adder skeleton (D:3)
  An iguana skeleton (Lair:2)
  2 bat skeletons (D:5)
  3 green rat zombies (Lair:1)
  A giant cockroach zombie (Depths:1)
  2 giant gecko zombies (D:6)
  A giant spore (D:14)
  2 goblin skeletons
  3 goblin zombies
  A hobgoblin skeleton (D:6)
  2 hobgoblin zombies (D:15)
  2 jackal skeletons (D:1)
  2 kobold skeletons
  3 kobold zombies
  9 orc skeletons
  A quokka skeleton (Lair:3)
  2 quokka zombies
  A rat zombie (D:10)
  3 crawling corpses
  7 fungi (Lair:8)
  3 macabre masses
  19 plants
  24 tentacles
  179 tentacle segments
601 creatures vanquished.

Grand Total: 2494 creatures vanquished
